 Dungeon Crawl Stone Soup version 0.29-a0-721-g7f417c9bbb (webtiles) character file.

Game seed: 7989198690771748748

1056 spaghetti the Ogre Mage (level 8, -9/67 HPs)
             Began as an Ogre Hedge Wizard on June 27, 2022.
             Was a Believer of Ru.
             Mangled by an ice beast (11 damage)
             ... on level 5 of the Dungeon.
             The game lasted 00:11:49 (6246 turns).

spaghetti the Ogre Mage (Ogre Hedge Wizard)         Turns: 6246, Time: 00:11:49

Health: -9/67      AC:  4    Str: 14    XL:     8   Next: 26%
Magic:  19/22      EV:  5    Int: 27    God:    Ru [**....]
Gold:   205        SH:  0    Dex: 13    Spells: 17/28 levels left

rFire   . . .      SeeInvis .   e - +2 whip (elec) {mace}
rCold   . . .      Faith    +   (no shield)
rNeg    + . .      Spirit   .   b - +0 robe
rPois   .          Reflect  .   c - +1 hat
rElec   .          Harm     .   (no cloak)
rCorr   .          Rampage  .   (gloves unavailable)
Will    .....                   (boots unavailable)
Stlth   ++........              s - amulet of faith {!P}
HPRegen 0.21/turn               o - ring of Pisicucefi {rN+ Will- Int+6}
MPRegen 0.18/turn               r - +6 ring of dexterity

@: no status effects
A: large, unfitting armour, tough skin 1, cowardly, reduced EV 1, clever 1,
mutation resistance 1, sense surroundings 1
a: Renounce Religion


You were on level 5 of the Dungeon.
You worshipped Ru.
Ru was pleased with you.
You visited 1 branch of the dungeon, and saw 5 of its levels.

You collected 205 gold pieces.


Innate Abilities, Weirdness & Mutations

You are too large for most types of armour.
You have tough skin. (AC +1)
Your cowardice makes you less effective in combat with threatening foes.
You have somewhat slow reflexes. (EV -5)
Your mind is acute. (Int +4, Str/Dex -1)
You are somewhat resistant to further mutation.
You passively map a small area around you.


   Skills:
 - Level 1.7 Dodging
 - Level 1.4 Stealth
 + Level 10.9 Spellcasting
 - Level 0.8 Conjurations
 - Level 0.8 Summonings
 - Level 0.8 Translocations


You had 17 spell levels left.
You knew the following spells:

 Your Spells              Type           Power      Damage    Failure   Level
a - Magic Dart            Conj           76%        1d6       2%          1
b - Call Imp              Summ           19%        N/A       4%          2
c - Mephitic Cloud        Conj/Pois/Air  16%        N/A       11%         3
d - Blink                 Tloc           38%        N/A       4%          2
e - Conjure Flame         Conj/Fire      17%        6-21      10%         3

Your spell library contained the following spells:

 Spells                   Type           Power      Damage    Failure   Level
 Necrotize                Necr           56%        1d6       4%          1
 Slow                     Hex            56%        N/A       4%          1
 Vampiric Draining        Necr           14%        2d7       12%         3
 Agony                    Necr           14%        N/A       73%         5

Inventory:

Hand Weapons
 a - a +0 dagger {short}
 e - a +2 whip of electrocution (weapon) {mace}
   (You took it off Pikel on level 4 of the Dungeon)
 q - a +3 dagger of draining {short}
   (You took it off a goblin on level 2 of the Dungeon)
 v - a +0 rapier of holy wrath {short}
   (You found it on level 3 of the Dungeon)
Missiles
 h - 31 stones {throwing}
 l - 2 throwing nets {=f!fthrowing}
 m - 8 javelins {throwing}
 n - 3 silver boomerangs {throwing}
 w - a boomerang {throwing}
 x - 6 poisoned darts {throwing}
Armour
 b - a +0 robe (worn)
 c - a +1 hat (worn)
 p - an orb of wrath
   (You found it on level 2 of the Dungeon)
Jewellery
 f - a ring of positive energy
   (You found it on level 1 of the Dungeon)
 o - the ring of Pisicucefi (left hand) {rN+ Will- Int+6}
   (You took it off a hobgoblin on level 2 of the Dungeon)

   [ring of positive energy]

   Int:       It affects your intelligence (+6).
   rN:        It protects you from negative energy.
   Will:      It decreases your willpower.
 r - a +6 ring of dexterity (right hand)
   (You found it on level 2 of the Dungeon)
 s - an amulet of faith (around neck) {!P}
   (You took it off a goblin on level 3 of the Dungeon)
 y - a ring of flight
   (You found it on level 4 of the Dungeon)
Scrolls
 g - a scroll of magic mapping {unknown}
 i - 2 scrolls of immolation {!r!r}
 k - a scroll of enchant weapon
Potions
 d - a potion of magic
 t - 3 potions of curing {@q1}
 u - 3 potions of degeneration {!q@e2}

Dungeon Overview and Level Annotations

Branches:
Dungeon (5/15) Zot: 23747
 Temple: D:4-7

Altars:
Ru

Shops:
D:3

? # #............## ,
,,, ..............#
#.............######
...................
#...............# ,
##.#........###..#.. ,
.....#..............
,**.............Y)...#
...........#@######, >
........#.##.#
,..........##..*
.........####.$,
........## ##.
...###### #. ,... , *
.# * , ,. *


You could see an ice beast.


Message History

Your mp is fully restored (22).
You start resting. 😎 HP[+20]
Your hp is fully restored (67).
Unknown command.
Okay, then.
(D) Dungeon
Where to? (Enter - D:5, ? - help)
There is a stone staircase leading down, spattered with blood here.
You climb downwards.
The necrophage is stunned by your conviction and fails to attack.
There is a stone staircase leading up here.
Unknown command.
Unknown command.
A necrophage is nearby!
You hit the necrophage but do no damage.
Lightning courses through the necrophage!
The necrophage hits you. 😕 HP[-6]
You take 6 damage, and now have 61/67 hp.
You hit the necrophage. The necrophage barely misses you.
You hit the necrophage but do no damage.
The necrophage hits you but does no damage.
You closely miss the necrophage. The necrophage barely misses you.
You hit the necrophage. The necrophage hits you. You partially resist.
You feel drained. The necrophage hits you. You partially resist.
You feel drained. 😕 HP[-7]
You now have 64 max hp (-3).
You take 7 damage, and now have 54/64 hp.
You hit the necrophage. The necrophage hits you. 😕 HP[-2]
You take 2 damage, and now have 52/64 hp.
You whack the necrophage!
Lightning courses through the necrophage!
You destroy the necrophage!
Your life force feels restored.
You now have 67 max hp (+3).
Key pressed, stopping explore.
You now have 191 gold pieces (gained 8).
You now have 205 gold pieces (gained 14).
Key pressed, stopping explore.
Key pressed, stopping explore.
g - a scroll labelled PON ZEALOPASCH 😎 HP[+15]
Your hp is fully restored (67).
An ice beast comes into view.
An ice beast is nearby!
An ice beast is nearby!
The magic dart hits the ice beast. 😎 MP[-1]
You lost 1 mp, and now have 21/22 mp.
The magic dart hits the ice beast but does no damage.
The magic dart hits the ice beast but does no damage.
The magic dart hits the ice beast.
The magic dart hits the ice beast but does no damage.
You closely miss the ice beast. The ice beast hits you.
The ice beast freezes you! 😕 HP[-14] MP[-3]
You take 14 damage, and now have 53/67 hp.
MASSIVE DAMAGE!! (PAUSE)
You lost 3 mp, and now have 18/22 mp.
Unknown command.
You closely miss the ice beast. The ice beast hits you.
The ice beast freezes you! 😮 HP[-14]
You take 14 damage, and now have 39/67 hp.
MASSIVE DAMAGE!! (PAUSE) Unknown command.
You hit the ice beast but do no damage.
The ice beast is stunned by your conviction and fails to attack.
You barely miss the ice beast. The ice beast hits you.
The ice beast freezes you.
* * * LOW HITPOINT WARNING * * *
😨 HP[-7]
You take 7 damage, and now have 32/67 hp.
You hit the ice beast. The ice beast hits you.
* * * LOW HITPOINT WARNING * * *
The ice beast freezes you!
* * * LOW HITPOINT WARNING * * *
😨 HP[-13]
You take 13 damage, and now have 19/67 hp.
Unknown command.
Unknown command.
You hit the ice beast but do no damage.
The ice beast hits you but does no damage. 😨 MP[+1]
You closely miss the ice beast.
The ice beast barely misses you. 😨 HP[+1]
You hit the ice beast.
Lightning courses through the ice beast!
The ice beast hits you.
* * * LOW HITPOINT WARNING * * *
The ice beast freezes you!
* * * LOW HITPOINT WARNING * * *
The ice beast hits you.
* * * LOW HITPOINT WARNING * * *
The ice beast freezes you!
You die...

Skill      XL: |  1  2  3  4  5  6  7 |
---------------+----------------------+-----
Spellcasting   | 4 5 7 8 10 | 10.9
Dodging        | |  1.7
Stealth        | |  1.4
Conjurations   | |  0.8
Summonings     | |  0.8
Translocations | |  0.8

Action                   |  1- 3 |  4- 6 |  7- 9 || total
-------------------------+-------+-------+-------++-------
Melee: Dagger            |    59 |    47 |    42 ||   148
       Punch             |       |       |     2 ||     2
       Whip              |       |       |    15 ||    15
 Cast: Magic Dart        |    74 |    80 |    41 ||   195
       Call Imp          |     3 |    16 |     8 ||    27
       Mephitic Cloud    |       |     3 |     6 ||     9
Invok: Sacrifice Health  |       |     1 |       ||     1
       Sacrifice Courage |       |       |     1 ||     1
  Use: Potion            |     1 |     2 |     1 ||     4
       Scroll            |       |     8 |     2 ||    10
 Stab: Sleeping          |       |     1 |       ||     1
       Confused          |       |       |     3 ||     3
Armor: Robe              |    21 |    13 |    10 ||    44
Dodge: Dodged            |    40 |    20 |    12 ||    72

Levels and vault maps discovered:
D:1:      dpeg_arrival_round_a, layout_basic,
          dreamdust_ecumenical_altar_drowned_temple
D:2:      layout_basic, kennysheep_generic_room_8, uniq_sigmund
D:3:      layout_loops_ring, serial_shops, nicolae_lakefront_shop
D:4:      layout_layer_cave, kennysheep_generic_room_16, uniq_pikel
D:5:      layout_rooms, minmay_temple_entry_glass

Notes
Turn   | Place    | Note
-------+----------+-------------------------------------------
     0 | D:1      | spaghetti the Ogre Hedge Wizard began the quest for the
                  | Orb.
     0 | D:1      | Reached XP level 1. HP: 16/16 MP: 5/5
     0 | D:1      | magus.rc [v1.9.6]
   145 | D:1      | Reached skill level 4 in Spellcasting
   254 | D:1      | Reached XP level 2. HP: 20/24 MP: 1/7
   388 | D:1      | You pick up a book of Necromancy and begin reading...
   388 | D:1      | You add the spells Necrotize, Vampiric Draining and Agony
                  | to your library.
   428 | D:1      | Found a faded altar of an unknown god.
   437 | D:1      | Prayed at the altar of an unknown god.
   437 | D:1      | Became a worshipper of Ru the Awakened
  1303 | D:2      | Learned a level 2 spell: Call Imp
  1382 | D:2      | Reached XP level 3. HP: 29/31 MP: 5/9
  1619 | D:2      | Learned a level 3 spell: Mephitic Cloud
  1780 | D:2      | Reached skill level 5 in Spellcasting
  1991 | D:2      | Reached XP level 4. HP: 39/39 MP: 1/11
  2110 | D:2      | Noticed Sigmund
  2155 | D:2      | Gained mutation: You passively map a small area around you.
                  | [potion of mutation]
  2155 | D:2      | Gained mutation: Your mind is acute. (Int +4, Str/Dex -1)
                  | [potion of mutation]
  2155 | D:2      | Gained mutation: You are somewhat resistant to further
                  | mutation. [potion of mutation]
  2163 | D:2      | Gained mutation: You have somewhat slow reflexes. (EV -5)
                  | [Ru sacrifice]
  2163 | D:2      | Reached * piety under Ru
  2201 | D:2      | Reached skill level 6 in Spellcasting
  2349 | D:2      | Killed Sigmund
  2350 | D:2      | Reached skill level 7 in Spellcasting
  2350 | D:2      | Reached XP level 5. HP: 29/45 MP: 5/15
  2350 | D:2      | Reached XP level 6. HP: 35/53 MP: 5/16
  2523 | D:2      | Identified the ring of Pisicucefi {rN+ Will- Int+6}
  2740 | D:2      | Learned a level 2 spell: Blink
  2744 | D:2      | Learned a level 3 spell: Conjure Flame
  4297 | D:3      | Found Naocere's Magic Scroll Emporium.
  4658 | D:4      | Reached skill level 8 in Spellcasting
  4717 | D:4      | Reached XP level 7. HP: 20/59 MP: 5/19
  4982 | D:4      | Reached skill level 9 in Spellcasting
  5522 | D:4      | Gained mutation: Your cowardice makes you less effective in
                  | combat with threatening foes. [Ru sacrifice]
  5522 | D:4      | Reached ** piety under Ru
  5552 | D:4      | Noticed Pikel
  5634 | D:4      | HP: 14/59 [Pikel/+2 whip of electrocution (7)]
  5640 | D:4      | HP: 13/59 [endoplasm (2)]
  5645 | D:4      | HP: 11/59 [endoplasm (1)]
  5702 | D:5      | Entered Level 5 of the Dungeon
  5919 | D:4      | Killed Pikel
  5920 | D:4      | Reached skill level 10 in Spellcasting
  5920 | D:4      | Reached XP level 8. HP: 30/67 MP: 7/22
  6246 | D:5      | HP: 4/67 [ice beast (13)]
  6246 | D:5      | Mangled by an ice beast

Vanquished Creatures
  3 lemures (D:4)
  A necrophage (D:5)
  A hound (D:4)
  An orc priest (D:4)
  An iguana (D:4)
  3 adders
  A gnoll (D:4)
  A worm (D:2)
  3 dart slugs
  2 orcs
  4 bats
  4 endoplasms
  3 giant cockroaches
  7 goblins
  9 hobgoblins
  2 jackals (D:3)
  3 quokkas
  6 ball pythons
  4 frilled lizards
  3 kobolds
  3 rats
  A spectral hobgoblin (D:1)
66 creatures vanquished.

Vanquished Creatures (collateral kills)
  Pikel (D:4)
  Sigmund (D:2)
  An ogre (D:4)
  A gnoll shaman (D:4)
  8 gnolls
  A worm (D:2)
  3 orcs (D:4)
  2 goblins (D:2)
  2 jackals (D:3)
  A ball python (D:4)
  A frilled lizard (D:2)
22 creatures vanquished.

Grand Total: 88 creatures vanquished

Table legend:
 A = Non-vault XP
 B = Vault XP
 C = Vault XP percentage of total XP
 D = Non-vault monster count
 E = Vault monster count
 F = Vault count percentage of total count
                 A         B        C        D         E       F
            +---------+---------+-------+---------+---------+-------
      Total |     649 |     860 |  57.0 |      80 |       5 |   5.9
            +---------+---------+-------+---------+---------+-------
        D:1 |      20 |       1 |   4.8 |      13 |       1 |   7.1
        D:2 |     137 |     230 |  62.7 |      30 |       3 |   9.1
        D:3 |      36 |       0 |   0.0 |      17 |       0 |   0.0
        D:4 |     371 |     629 |  62.9 |      19 |       1 |   5.0
        D:5 |      85 |       0 |   0.0 |       1 |       0 |   0.0
            +---------+---------+-------+---------+---------+-------

Illustrated notes

Table legend:
 A = Kills in this place as a percentage of kills in entire the game.
 B = Kills by you in this place as a percentage of kills by you in the entire game.
 C = Kills by friends in this place as a percentage of kills by friends in the entire game.
 D = Other kills in this place as a percentage of other kills in the entire game.
 E = Experience gained in this place as a percentage of experience gained in the entire game.
 F = Experience gained in this place divided by the number of levels of this place that you have seen.
                   A       B       C       D       E      F
               +-------+-------+-------+-------+-------+----------------------
         Total | 100.0 | 100.0 | 100.0 |   N/A | 100.0 | 301.8
       Dungeon | 100.0 | 100.0 | 100.0 |   N/A | 100.0 | 301.8
               +-------+-------+-------+-------+-------+----------------------

Table legend: (Time is in decaauts)
 A = Elapsed time spent in this place.
 B = Non-inter-level travel time spent in this place.
 C = Inter-level travel time spent in this place.
 D = Time resting spent in this place.
 E = Time spent auto-exploring this place.
 F = Levels seen in this place.
 G = Mean time per level.
                   A        B        C        D        E       F      G
               +--------+--------+--------+--------+--------+-----+--------+
         Total |   6251 |   6060 |    191 |    338 |   4819 |   5 | 1250.2 |
       Dungeon |   6251 |   6060 |    191 |    338 |   4819 |   5 | 1250.2 |
               +--------+--------+--------+--------+--------+-----+--------+

Top non-repeatable levels by time:
     D:2: 2374 daAuts
     D:4: 1744 daAuts
     D:1: 1073 daAuts
     D:3: 906 daAuts
     D:5: 152 daAuts
